 Dungeon Crawl Stone Soup version 0.31-b1-18-g61460d1e46 (webtiles) character file.

Game seed: 17851396431650172743

2776 groovy9 the Destroyer (level 9, -3/45 HPs)
             Began as a Deep Elf Conjurer on Jan 17, 2024.
             Slain by a wyvern (15 damage)
             ... on level 8 of the Dungeon.
             The game lasted 00:31:13 (9174 turns).

groovy9 the Destroyer (Deep Elf Conjurer)           Turns: 9174, Time: 00:31:14

Health: -3/45      AC:  6    Str:  4    XL:     9   Next: 42%
Magic:  20/25      EV: 12    Int: 25    God:
Gold:   1440       SH:  5    Dex: 13    Spells: 17/28 levels left

rFire   + . .        e - staff of conjuration
rCold   + . .        (no shield)
rNeg    . . .        B - +0 robe "Nyothrut" {Fly Will++ Int-3 Slay+2}
rPois   .            (no helmet)
rElec   .            (no cloak)
rCorr   .            f - +1 Delatra's gloves {ID++}
SInv    .            y - +1 pair of boots
Will    ++...        i - amulet of reflection
Stlth   ++           r - ring of protection from cold
HPRegen 0.27/turn    t - ring of protection from fire
MPRegen 0.19/turn

%: reflection
@: flying
A: no striking features
a: no special abilities


You were on level 8 of the Dungeon.
You visited 2 branches of the dungeon, and saw 9 of its levels.
You also visited: Sewer.

You collected 1440 gold pieces.

Inventory:

Hand Weapons
 c - a +0 dagger
Armour
 f - the +1 Delatra's gloves (worn) {ID++}
   (You found it on level 5 of the Dungeon)

   ID++:      It heals its wearer when they drink unknown potions, and restores
   their MP when they read unknown scrolls.
 y - a +1 pair of boots (worn)
 B - the +0 robe "Nyothrut" (worn) {Fly Will++ Int-3 Slay+2}
   (You found it on level 5 of the Dungeon)

   Int-3:     It affects your intelligence (-3).
   Slay+2:    It affects your accuracy & damage with ranged weapons and melee
   (+2).
   Will++:    It greatly increases your willpower.
   Fly:       It grants you flight.
Magical Staves
 e - a staff of conjuration (weapon)
Jewellery
 a - a ring of fire
 i - an amulet of reflection (around neck)
 r - a ring of protection from cold (left hand)
 t - a ring of protection from fire (right hand)
Wands
 b - a wand of roots (26)
 x - a wand of flame (18)
Scrolls
 d - 3 scrolls of teleportation
 j - a scroll of poison
 m - a scroll of fog {unknown}
 o - 5 scrolls of amnesia
 p - 2 scrolls of vulnerability
 z - a scroll of blinking
 C - a scroll of butterflies {unknown}
 D - a scroll of revelation {unknown}
 E - a scroll of enchant armour {unknown}
 F - a scroll of enchant weapon {unknown}
 H - a scroll of immolation {unknown}
Potions
 g - 5 potions of brilliance
 h - 2 potions of degeneration
 k - 2 potions of invisibility
 l - a potion of lignification {unknown}
 n - a potion of resistance
 s - 2 potions of heal wounds {unknown}
 u - 5 potions of curing
 w - 2 potions of cancellation {unknown}
 A - a potion of attraction {unknown}
 G - a potion of mutation {unknown}
Miscellaneous
 v - a lightning rod (4/4)


   Skills:
 + Level 2.3 Armour
 - Level 2.4 Dodging
 - Level 2.4 Stealth
 + Level 10.0 Spellcasting
 * Level 12.0 Conjurations


You had 17 spell levels left.
You knew the following spells:

 Your Spells              Type           Power      Damage    Failure   Level
a - Magic Dart            Conj           100%       1d8       1%          1
b - Searing Ray           Conj           100%       2d8       1%          2
c - Fulminant Prism       Conj/Alch      29%        3d14      4%          4
d - Iskenderun's Mystic   Conj/Tloc      59%        2d12      4%          4

Your spell library contained the following spells:

 Spells                   Type           Power      Damage    Failure   Level
 Foxfire                  Conj/Fire      100%       2x1d9     1%          1
 Sting                    Conj/Alch      100%       1d9       1%          1
 Apportation              Tloc           24%        N/A       4%          1
 Necrotise                Necr           48%        1d6       4%          1
 Slow                     Hex            48%        N/A       4%          1
 Summon Small Mammal      Summ           48%        N/A       4%          1
 Blink                    Tloc           24%        N/A       8%          2
 Call Imp                 Summ           24%        N/A       8%          2
 Confusing Touch          Hex            12%        N/A       14%         3
 Sigil of Binding         Hex            12%        N/A       14%         3
 Vampiric Draining        Necr           12%        2d6       14%         3
 Starburst                Conj/Fire      29%        6d9       54%         6
 Plasma Beam              Fire/Air       6%         2x1d16    100%        6


Dungeon Overview and Level Annotations

Branches:
Dungeon (8/15)             Temple (1/1) D:4           Sewer (visited)
   Lair: D:8-11

Altars:
Ashenzari
Cheibriados
Dithmenos
Elyvilon
Fedhas
Gozag
Makhleb
Ru
Uskayaw
Wu Jian
Xom
Yredelemnul
Zin
The Shining One
Lugonu

Annotations:
D:3 1 exclusion


Message History

a +0 whip; a curare-tipped dart You see here a +0 dagger.
Found a hide-covered altar of Uskayaw.
I - a scroll of identify
As you read the scroll of identify, it crumbles to dust.
q - 2 potions of might You drop 2 potions of might.
A wyvern comes into view.
Casting: Iskenderun's Mystic Blast (dangerous; 4% risk of failure)
Confirm with . or Enter, or press ? or * to list all spells.
Aiming: Magic Dart (safe; 1% risk of failure)
Press: ? - help, Shift-Dir - straight line, f - wyvern
Aim: a wyvern (asleep, 100% to hit)
You feel a surge of power!
The magic dart hits the wyvern but does no damage.
The wyvern hisses angrily.
Casting: Magic Dart (safe; 1% risk of failure)
Confirm with . or Enter, or press ? or * to list all spells.
Aiming: Magic Dart (safe; 1% risk of failure)
Press: ? - help, Shift-Dir - straight line, f/p - wyvern
Aim: a wyvern (100% to hit)
You feel a surge of power!
The magic dart hits the wyvern.
The wyvern is lightly wounded.
Casting: Magic Dart (safe; 1% risk of failure)
Confirm with . or Enter, or press ? or * to list all spells.
Aiming: Searing Ray (safe; 1% risk of failure)
Press: ? - help, Shift-Dir - straight line, f/p - wyvern
Aim: a wyvern (lightly wounded, 83% to hit)
You feel a surge of power!
The searing ray hits the wyvern.
The wyvern is moderately wounded. (Press . to maintain the ray.)
The searing ray hits the wyvern!
The wyvern is severely wounded.
The wyvern bites you!
The searing ray hits the wyvern.
The wyvern is severely wounded.
The wyvern bites you!
* * * LOW HITPOINT WARNING * * *
The wyvern bites you!
You die...

.....#
########.##...............
.##### #...###############
...# #####....# ...###
#....# .....## ......
...#..## ###......
...##..### ##........
....##...### #..k.....#
>...[.##...####.@#
......####.......#.
.............#.........
........####.....#....#
.............#..#..####
...<..#..###....#..#
......##.###.........
.)....##...<.........#
###########...........


You could see a wyvern.

Vanquished Creatures
  Grinder (D:3)
  2 water moccasins
  An ice beast (D:4)
  An orc warrior (D:7)
  A black bear (D:5)
  A sky beast (D:7)
  An ogre (D:5)
  A phantom (D:6)
  4 kobold brigands
  3 bullfrogs
  A scorpion (D:7)
  3 wights (D:5)
  5 killer bees (D:8)
  2 bombardier beetles
  2 hounds
  A gnoll bouda (D:5)
  4 orc priests
  A sleepcap (D:6)
  An iguana (D:5)
  Ijyb (D:3)
  7 orc wizards
  10 gnolls
  6 adders
  A shadow imp (D:7)
  2 ufetubi (D:5)
  An adder skeleton (D:3)
  14 dart slugs
  4 ribbon worms
  27 orcs
  15 ball pythons
  5 bats
  22 endoplasms
  8 giant cockroaches
  8 goblins
  5 hobgoblins
  2 jackals (D:1)
  31 kobolds
  7 quokkas
  9 frilled lizards
  A jackal skeleton (D:3)
  5 rats
227 creatures vanquished.

Vanquished Creatures (others)
  A kobold (D:7)
  3 fulminant prisms
4 creatures vanquished.

Grand Total: 231 creatures vanquished

Notes
Turn   | Place    | Note
-------+----------+-------------------------------------------
     0 | D:1      | groovy9 the Deep Elf Conjurer began the quest for the Orb.
     0 | D:1      | Reached XP level 1. HP: 10/10 MP: 6/6
   197 | D:1      | Reached XP level 2. HP: 15/15 MP: 2/8
   506 | D:1      | Reached skill level 5 in Conjurations
   553 | D:1      | Learned a level 2 spell: Searing Ray
   695 | D:1      | Reached XP level 3. HP: 19/19 MP: 3/10
  1167 | D:1      | Found a faded altar of an unknown god.
  2143 | D:3      | Reached XP level 4. HP: 24/24 MP: 1/12
  2154 | D:2      | Reached skill level 6 in Conjurations
  2335 | D:3      | Found a glowing golden altar of the Shining One.
  2522 | D:3      | Noticed Ijyb
  2551 | D:3      | Killed Ijyb
  2552 | D:3      | Reached XP level 5. HP: 15/28 MP: 5/14
  2876 | D:3      | Noticed Grinder
  3062 | D:3      | Killed Grinder
  3063 | D:3      | Reached skill level 5 in Spellcasting
  3063 | D:3      | Reached skill level 7 in Conjurations
  3063 | D:3      | Reached XP level 6. HP: 17/32 MP: 5/16
  3239 | D:4      | Identified 2 scrolls of acquirement
  3240 | D:4      | Acquired a staff of conjuration
  3243 | D:4      | Acquired 946 gold pieces
  3312 | D:4      | Noticed an ice beast
  3331 | D:4      | Learned a level 4 spell: Fulminant Prism
  3336 | D:4      | Learned a level 4 spell: Iskenderun's Mystic Blast
  3419 | D:4      | Found a staircase to the Ecumenical Temple.
  3428 | Temple   | Entered the Ecumenical Temple
  3814 | D:4      | Killed an ice beast
  4015 | D:5      | Entered Level 5 of the Dungeon
  4028 | D:5      | Reached skill level 8 in Conjurations
  4028 | D:5      | Reached XP level 7. HP: 36/36 MP: 10/18
  4346 | D:5      | Found a sand-covered staircase.
  4347 | D:5      | Found a glowing drain.
  4362 | Sewer    | Entered a sewer
  5068 | Sewer    | Reached skill level 9 in Conjurations
  5630 | D:5      | Reached XP level 8. HP: 41/41 MP: 13/21
  5767 | D:5      | Identified the +0 robe "Nyothrut" {Fly Will++ Int-3 Slay+2}
  5958 | D:5      | Reached skill level 10 in Conjurations
  6114 | D:5      | Found the +1 Delatra's gloves {ID++}
  7252 | D:6      | Reached skill level 11 in Conjurations
  7400 | D:6      | Found an ornate altar of the Wu Jian Council.
  7914 | D:7      | Reached XP level 9. HP: 45/45 MP: 11/24
  7996 | D:7      | Reached skill level 1 in Armour
  8255 | D:7      | Found a blossoming altar of Fedhas.
  8836 | D:8      | Reached skill level 12 in Conjurations
  8902 | D:8      | Found a shadowy altar of Dithmenos.
  8990 | D:8      | Reached skill level 10 in Spellcasting
  9119 | D:8      | Found a hide-covered altar of Uskayaw.
  9174 | D:8      | Slain by a wyvern

Illustrated notes

Levels and vault maps discovered:
D:1:      lemuel_arrival_river_ford, layout_loops_cross,
          hellmonk_ecumenical_altar_lost_god, minmay_box_of_dots
D:2:      layout_basic
D:3:      layout_rooms, tso_altar, serial_undead, serial_undead_a,
          serial_undead_b, serial_undead_f, serial_undead_d, uniq_ijyb,
          uniq_grinder
D:4:      layout_basic, minmay_temple_entry_slanted
D:5:      layout_basic, cheibrodos_sewer_entry_drain, enter_ossuary_1,
          minmay_fountain_box, pf_guarded_unrand_delatra
D:6:      layout_loops_ring, nicolae_wu_jian_immortal_techniques,
          nicolae_fountain_basement
D:7:      layout_cave_pools, fedhas_bush_and_centaur_altar
D:8:      layout_rooms, mainiacjoe_overflow_paths,
          lemuel_coloured_pillars_altar, grunt_temple_overflow_cloverleaf
Temple:   kb_corrupted_temple

Skill      XL: |  1  2  3  4  5  6  7  8  9 |
---------------+----------------------------+-----
Conjurations   | 5 6 7 8 9 11 12 | 12.0
Spellcasting   | 4 5 6 7 9 10 | 10.0
Armour         | 2 |  2.3
Dodging        | |  2.4
Stealth        | |  2.4

Action                     |  1- 3 |  4- 6 |  7- 9 || total
---------------------------+-------+-------+-------++-------
  Melee: Unarmed           |     4 |       |       ||     4
         Dagger            |       |     1 |       ||     1
         Staff             |       |       |     3 ||     3
   Cast: Magic Dart        |    55 |    38 |   172 ||   265
         Searing Ray       |    11 |    24 |    71 ||   106
         Iskenderun's Myst |       |       |     7 ||     7
         Fulminant Prism   |       |       |     3 ||     3
    Use: Scroll            |       |    11 |     9 ||    20
         Potion            |       |     1 |     1 ||     2
 Armour: Robe              |     2 |       |    10 ||    12
         Leather armour    |       |    11 |    19 ||    30
  Dodge: Dodged            |    10 |     4 |    38 ||    52
  Block: Other             |       |       |     2 ||     2
         Reflection        |       |       |     1 ||     1
